 Dungeon Sprint DCSS version 0.30-a0-458-g86641cc369 (webtiles) character file.

Game seed: 10812423028363498995

29814 rocky1 the Severer (level 13, -1/167 HPs)
             Began as an Ogre Gladiator on Dec 14, 2022.
             Was the Champion of Cheibriados.
             Constricted to death by a naga warrior (6 damage)
             ... in the Dungeon (Sprint VII: "The Pits").
             The game lasted 00:12:21 (4066 turns).

rocky1 the Severer (Ogre Gladiator)                 Turns: 4066, Time: 00:12:21

Health: -1/167     AC:  8    Str: 43    XL:     13   Next: 47%
Magic:  1/25       EV: 20    Int: 24    God:    Cheibriados [******]
Gold:   25         SH:  0    Dex: 25    Spells: 25/25 levels left

rFire   . . .      SeeInvis .    t - +1 broad axe (vorpal)
rCold   . . .      Faith    .    (no shield)
rNeg    . . .      Spirit   .    x - +2 robe
rPois   .          Reflect  .    c - +0 hat
rElec   .          Harm     .    (no cloak)
rCorr   .          Rampage  .    (gloves unavailable)
Will    +....      NoTele   +    (boots unavailable)
Stlth   ++........               (no amulet)
HPRegen 0.47/turn                h - +3 ring of protection
MPRegen 0.19/turn                e - +3 ring of strength

@: lethally poisoned (-1 -> -3), constricted, very slow
A: large, unfitting armour, tough skin 1
a: Renounce Religion, Bend Time, Temporal Distortion, Slouch, Step From Time


You were in the Dungeon.
You worshipped Cheibriados.
Cheibriados was exalted by your worship.
You visited 1 branch You collected 25 gold pieces.

Inventory:

Hand Weapons
 a - a +1 antimagic hand axe
 o - a +3 vorpal hand axe
 s - a +2 vorpal morningstar
 t - a +1 vorpal broad axe (weapon)
 w - a +2 flail of holy wrath
 G - the +6 flail "Unae" {vorpal, rPois Will++ Int-4}
   (You found it in the Dungeon)

   It inflicts extra damage upon your enemies.
   Int:       It affects your intelligence (-4).
   rPois:     It protects you from poison.
   Will:      It greatly increases your willpower.
 H - a +0 giant spiked club
Missiles
 d - 3 throwing nets
 u - a curare-tipped dart
 v - 4 javelins (quivered)
Armour
 b - a +0 robe
 c - a +0 hat (worn)
 x - a +2 robe (worn)
 I - an orb of energy
Jewellery
 e - a +3 ring of strength (right hand)
 h - a +3 ring of protection (left hand)
 D - a ring of fire
 F - a ring of fire
Wands
 k - a wand of digging (2)
 E - a wand of flame (10)
Scrolls
 m - 5 scrolls of amnesia
 n - a scroll of butterflies
 y - a scroll of blinking
 z - 2 scrolls of identify
 A - 4 scrolls of fear
 B - 4 scrolls of enchant weapon
Potions
 f - 6 potions of curing
 g - 13 potions of heal wounds
 i - 2 potions of magic
 j - 2 potions of berserk rage
 l - 2 potions of invisibility
 p - 2 potions of brilliance
 q - a potion of resistance
 r - 3 potions of mutation
 C - 2 potions of might


   Skills:
 + Level 20.6 Fighting
 - Level 20.7(21.0) Axes
 + Level 5.7(13.7) Maces & Flails
 + Level 6.7 Throwing
 + Level 15.1 Dodging
 + Level 6.9 Spellcasting
 - Level 16.0 Invocations


You had 25 spell levels left.
You didn't know any spells.
Your spell library was empty.

Dungeon Overview and Level Annotations

Branches:
Dungeon (1/1)

Altars:
Ashenzari
Cheibriados
Dithmenos
Elyvilon
Fedhas
Gozag
Hepliaklqana
Kikubaaqudgha
Makhleb
Nemelex Xobeh
Okawaru
Qazlal
Ru
Sif Muna
Trog
Uskayaw
Vehumet
Wu Jian
Xom
Yredelemnul
Zin
The Shining One
Jiyva
Lugonu


Innate Abilities, Weirdness & Mutations

You are too large for most types of armour.
You have tough skin. (AC +1)


Message History

You can feel time thicken for a moment.
You kill the orc knight!
Cheibriados thoroughly appreciates the change of pace.
Cheibriados lowers the support of your attributes as your movement quickens.
You feel sick. The naga warrior completely misses you.
The naga warrior closely misses you. The naga warrior grabs you.
The naga warrior constricts you.
Your Dodging skill increases to level 15!
You slice the naga warrior!!
The naga warrior is almost dead.
You slice the storm dragon!!
You feel sick. The naga warrior misses you.
The naga warrior hits you with a +0 battleaxe!!
The naga warrior constricts you.
The storm dragon breathes lightning at you.
The bolt of lightning misses you.
You slice the naga warrior!!
You kill the naga warrior!
Cheibriados thoroughly appreciates the change of pace.
Cheibriados raises the support of your attributes as your movement slows.
You closely miss the storm dragon. The naga warrior barely misses you.
The storm dragon completely misses you.
The storm dragon claws you but does no damage.
The storm dragon tramples you but does no damage.
Unknown command.
You hit the storm dragon.
You kill the storm dragon!
Cheibriados thoroughly appreciates the change of pace.
You feel sick.
Unknown command.
A yaktaur captain comes into view.
You feel sick.
The naga warrior hits you with a +0 glaive!
* * * LOW HITPOINT WARNING * * *
The naga warrior misses you.
The yaktaur captain wields a +0 arbalest.
The yaktaur captain shoots a bolt.
The bolt hits you!!!
* * * LOW HITPOINT WARNING * * *
The naga warrior closely misses you. The naga warrior grabs you.
The naga warrior constricts you.
You die...

############################+#
..........)..................#
.)...).).))..................#
###########''##############..#
#........# + #.)# #........#
..# #..# ####..#######c..#
#..# #........#....... #..#
..........)@....... #..#
..#......(.#N...(.. #..# #
####..####.##+### #..# #### .#
#..# .# #..# ## #####
#....#### ...###..#


You could see a yaktaur captain and a naga warrior (strong).

Vanquished Creatures
  A storm dragon (D)
  2 orc warlords (D)
  A black draconian (D)
  A green draconian (D)
  A hydra (D)
  A hell beast (D)
  A rakshasa (D)
  2 boulder beetles (D)
  A catoblepas (D)
  A centaur warrior (D)
  A two-headed ogre (D)
  2 death yaks (D)
  An orc high priest (D)
  3 naga warriors (D)
  A sun demon (D)
  Urug (D)
  A spriggan druid (D)
  A bog body (D)
  10 orc knights (D)
  An orc sorcerer (D)
  An elephant (D)
  2 molten gargoyles (D)
  A guardian serpent (D)
  An orange demon (D)
  3 naga magi (D)
  An eye of devastation (D)
  A kobold demonologist (D)
  A guardian mummy (D)
  A polar bear (D)
  A troll (D)
  3 blink frogs (D)
  14 dream sheep (D)
  A snapping turtle (D)
  An air elemental (D)
  A spriggan (D)
  A ynoxinul (D)
  A vampire (D)
  2 fire bats (D)
  3 wraiths (D)
  3 basilisks (D)
  2 redbacks (D)
  Menkaure (D)
  A warg (D)
  2 nagas (D)
  2 water moccasins (D)
  A floating eye (D)
  2 swamp drakes (D)
  A centaur (D)
  An ogre (D)
  A wolf (D)
  A kobold brigand (D)
  A scorpion (D)
  4 wights (D)
  A gnoll bouda (D)
  An orc priest (D)
  Ijyb (D)
  Terence (D)
  2 orc wizards (D)
  A mummy (D)
  6 gnolls (D)
  A river rat (D)
  An ufetubus (D)
  8 orcs (D)
  An endoplasm (D)
  2 giant cockroaches (D)
  2 hobgoblins (D)
  4 jackals (D)
  A quokka (D)
  A ball python simulacrum (D)
  A giant cockroach zombie (D)
  2 kobolds (D)
134 creatures vanquished.

Vanquished Creatures (others)
  A wizard (D)
1 creature vanquished.

Grand Total: 135 creatures vanquished

Notes
Turn   | Place    | Note
-------+----------+-------------------------------------------
     0 | D        | rocky1 the Ogre Gladiator began the quest for the Orb.
     0 | D        | Reached XP level 1. HP: 22/22 MP: 1/1
    20 | D        | Found a bloodstained altar of Trog.
    20 | D        | Found a shimmering blue altar of Sif Muna.
    20 | D        | Found a viscous altar of Jiyva.
    20 | D        | Found a hazy altar of Hepliaklqana.
    20 | D        | Found an opulent altar of Gozag.
    41 | D        | Found a glowing golden altar of the Shining One.
    41 | D        | Found a glowing silver altar of Zin.
    41 | D        | Found a basalt altar of Yredelemnul.
    41 | D        | Found a shimmering altar of Xom.
    41 | D        | Found an ornate altar of the Wu Jian Council.
    41 | D        | Found a sacrificial altar of Ru.
    41 | D        | Found a stormy altar of Qazlal.
    41 | D        | Found an iron altar of Okawaru.
    41 | D        | Found a sparkling altar of Nemelex Xobeh.
    41 | D        | Found a burning altar of Makhleb.
    41 | D        | Found a blossoming altar of Fedhas.
    41 | D        | Found a white marble altar of Elyvilon.
    41 | D        | Found a shadowy altar of Dithmenos.
    41 | D        | Found a snail-covered altar of Cheibriados.
    44 | D        | Found a corrupted altar of Lugonu.
    44 | D        | Found a radiant altar of Vehumet.
    45 | D        | Found an ancient bone altar of Kikubaaqudgha.
    45 | D        | Found a hide-covered altar of Uskayaw.
    45 | D        | Found a broken altar of Ashenzari.
    52 | D        | Became a worshipper of Cheibriados the Contemplative
    71 | D        | Reached * piety under Cheibriados
    74 | D        | Reached XP level 2. HP: 28/32 MP: 2/2
    82 | D        | Reached ** piety under Cheibriados
   103 | D        | Noticed a floating eye
   105 | D        | Paralysed by a floating eye for 4 turns
   111 | D        | Killed a floating eye
   112 | D        | Reached XP level 3. HP: 44/44 MP: 2/5
   112 | D        | Reached XP level 4. HP: 52/52 MP: 2/6
   113 | D        | Reached *** piety under Cheibriados
   154 | D        | Noticed a scorpion
   163 | D        | Killed a scorpion
   163 | D        | Reached **** piety under Cheibriados
   164 | D        | Reached skill level 5 in Dodging
   164 | D        | Reached XP level 5. HP: 55/61 MP: 6/8
   165 | D        | Reached skill level 5 in Invocations
   165 | D        | Reached XP level 6. HP: 65/72 MP: 1/10
   233 | D        | Noticed a water moccasin
   234 | D        | Reached ***** piety under Cheibriados
   234 | D        | Killed a water moccasin
   235 | D        | Reached skill level 10 in Axes
   235 | D        | Reached XP level 7. HP: 83/83 MP: 5/12
   237 | D        | Noticed Menkaure
   244 | D        | Killed Menkaure
   244 | D        | Reached ****** piety under Cheibriados
   245 | D        | Reached skill level 10 in Fighting
   485 | D        | Noticed a fire bat
   489 | D        | Killed a fire bat
   490 | D        | Reached XP level 8. HP: 96/96 MP: 12/14
  1012 | D        | Noticed a six-headed hydra
  1012 | D        | Noticed a molten gargoyle
  1017 | D        | Killed a molten gargoyle
  1018 | D        | Reached XP level 9. HP: 55/106 MP: 9/16
  1021 | D        | Killed a six-headed hydra
  1022 | D        | Reached skill level 10 in Invocations
  1286 | D        | Noticed Ijyb
  1286 | D        | Noticed a boulder beetle
  1287 | D        | Noticed a kobold demonologist
  1291 | D        | Noticed a soul eater
  1292 | D        | Killed a kobold demonologist
  1294 | D        | Killed Ijyb
  1294 | D        | Killed a boulder beetle
  1294 | D        | Noticed a polar bear
  1295 | D        | Reached skill level 15 in Axes
  1295 | D        | Reached skill level 10 in Dodging
  1295 | D        | Reached XP level 10. HP: 96/122 MP: 7/18
  1430 | D        | Noticed a bog body
  1436 | D        | Killed a bog body
  1437 | D        | Reached skill level 15 in Fighting
  1671 | D        | Reached XP level 11. HP: 101/132 MP: 14/20
  1970 | D        | Noticed a death yak
  1970 | D        | Noticed a rakshasa
  1970 | D        | Noticed Terence
  1970 | D        | Noticed a boulder beetle
  1972 | D        | Killed Terence
  1972 | D        | Noticed a naga warrior
  1972 | D        | Noticed a two-headed ogre
  1974 | D        | Killed a boulder beetle
  1974 | D        | Killed a rakshasa
  1977 | D        | Killed a two-headed ogre
  1979 | D        | Noticed an orc sorcerer
  1980 | D        | Noticed Urug
  1983 | D        | Killed an orc sorcerer
  1984 | D        | Killed a death yak
  1984 | D        | Killed Urug
  1987 | D        | Killed a naga warrior
  1988 | D        | Reached XP level 12. HP: 30/148 MP: 2/22
  2298 | D        | Noticed an orc high priest
  2305 | D        | Killed an orc high priest
  2472 | D        | Got the +6 flail "Unae" {vorpal, rPois Will++ Int-4}
  2696 | D        | Reached skill level 15 in Invocations
  2779 | D        | Noticed a sun demon
  2788 | D        | Killed a sun demon
  2923 | D        | Noticed a centaur warrior
  2923 | D        | Noticed a death yak
  2929 | D        | Killed a centaur warrior
  2940 | D        | Killed a death yak
  3138 | D        | Noticed a hell beast
  3138 | D        | Noticed a green draconian
  3138 | D        | Noticed a black draconian
  3138 | D        | Noticed a catoblepas
  3142 | D        | Killed a hell beast
  3143 | D        | Killed a catoblepas
  3144 | D        | Killed a green draconian
  3145 | D        | Killed a black draconian
  3288 | D        | Noticed an orc warlord
  3294 | D        | Reached skill level 1 in Maces & Flails
  3294 | D        | Reached skill level 1 in Spellcasting
  3324 | D        | Reached XP level 13. HP: 120/163 MP: 25/25
  3514 | D        | Noticed an orc warlord
  3536 | D        | Killed an orc warlord
  3537 | D        | Reached skill level 5 in Throwing
  3537 | D        | Reached skill level 5 in Spellcasting
  3710 | D        | Killed an orc warlord
  4055 | D        | Noticed a storm dragon
  4057 | D        | Reached skill level 5 in Maces & Flails
  4063 | D        | Reached skill level 15 in Dodging
  4065 | D        | Killed a storm dragon
  4066 | D        | Noticed a yaktaur captain
  4066 | D        | HP: 5/167 [yaktaur captain/bolt (43)]
  4066 | D        | Constricted to death by a naga warrior

Illustrated notes

Levels and vault maps discovered:
D:        pitsprint [storerooms_1, entrance_room_1, metal_vault_4, armoury_2,
          mini_pit_1, grid_room_1, main_hall_1, silver_pit, the_coven_3,
          the_vestibule_1, steel_vault_2, golden_pit, hallway_of_sentries,
          crystal_vault_2, iron_vault_2, final_vault]

Skill      XL: |  1  2  3  4  5  6  7  8  9 10 11 12 13 |
---------------+----------------------------------------+-----
Fighting       | 3 6 8 9 10 11 14 15 17 19 20 | 20.6
Dodging        | 3 4 5 6 7 8 10 11 12 14 15 | 15.1
Axes           | 6 7 9 10 11 12 15 16 18 20 | 20.7
Invocations    | 3 4 5 7 8 9 11 12 14 16 | 16.0
Maces & Flails | 2 5 |  5.7
Spellcasting   | 2 6 |  6.9
Throwing       | 3 6 |  6.7

Action                   |  1- 3 |  4- 6 |  7- 9 | 10-12 | 13-15 || total
-------------------------+-------+-------+-------+-------+-------++-------
Melee: War axe           |    24 |     9 |       |       |       ||    33
       Hand axe          |       |     1 |    25 |       |       ||    26
       Broad axe         |       |       |     3 |   116 |    59 ||   178
       Punch             |       |       |       |     1 |     1 ||     2
Throw: Throwing net      |       |     1 |       |       |       ||     1
       Large rock        |       |       |     1 |       |       ||     1
       Javelin           |       |       |       |       |     4 ||     4
Invok: Slouch            |       |     2 |    11 |    16 |     6 ||    35
  Use: Potion            |       |       |     2 |     2 |     4 ||     8
       Scroll            |       |       |     1 |       |       ||     1
 Stab: Sleeping          |       |       |     2 |     1 |       ||     3
Armor: Robe              |    19 |     4 |     2 |    10 |     4 ||    39
Dodge: Dodged            |    16 |    12 |    32 |    91 |    34 ||   185

Table legend: (Time is in decaauts)
 A = Elapsed time spent in this place.
 B = Non-inter-level travel time spent in this place.
 C = Inter-level travel time spent in this place.
 D = Time resting spent in this place.
 E = Time spent auto-exploring this place.
 F = Levels seen in this place.
 G = Mean time per level.
                   A        B        C        D        E       F      G
               +--------+--------+--------+--------+--------+-----+--------+
         Total |   4845 |   4692 |    153 |   2857 |      0 |   1 | 4845.0 |
       Dungeon |   4845 |   4692 |    153 |   2857 |      0 |   1 | 4845.0 |
               +--------+--------+--------+--------+--------+-----+--------+

Top non-repeatable levels by time:
       D: 4845 daAuts
